 Dungeon Crawl Stone Soup version 0.29-a0-1047-g7c58e119a4 (webtiles) character file.

Game seed: 8971473104899693359

32 Sobieck the Cutter (level 3, 0/19 HPs)
             Began as a Vine Stalker Monk on Aug 16, 2022.
             Slain by a gnoll
             ... wielding a +0 halberd
              (10 damage)
             ... on level 1 of the Dungeon.
             The game lasted 00:02:25 (1768 turns).

Sobieck the Cutter (Vine Stalker Monk)              Turns: 1768, Time: 00:02:26

Health: 0/19       AC:  2    Str: 13    XL:     3   Next: 25%
Magic:  0/5        EV: 13    Int: 10    God:
Gold:   69         SH:  0    Dex: 18    Spells: 3/3 levels left

rFire   . . .      SeeInvis .   a - +0 short sword {short}
rCold   . . .      Faith    .   (no shield)
rNeg    . . .      Spirit   +   b - +0 robe
rPois   .          Reflect  .   (no helmet)
rElec   .          Harm     .   (no cloak)
rCorr   .          Rampage  .   (no gloves)
Will    .....                   (no boots)
Stlth   ++........              (no amulet)
HPRegen 0.06/turn               (no ring)
MPRegen 0.09/turn               (no ring)

@: no status effects
A: fangs 2, magic shield, antimagic bite, no potion heal 2
a: no special abilities


You were on level 1 of the Dungeon.
You visited 1 branch of the dungeon, and saw 2 of its levels.

You collected 69 gold pieces.


Innate Abilities, Weirdness & Mutations

You have extremely sharp teeth.
When hurt, damage is shared between your health and your magic reserves.
Your bite disrupts and absorbs the magic of your enemies.
Potions cannot restore your health.


   Skills:
 + Level 2.8 Fighting
 * Level 3.1 Short Blades
 + Level 0.5 Armour
 + Level 2.5 Dodging
 + Level 2.8 Stealth
 + Level 0.8 Spellcasting


You had 3 spell levels left.
You didn't know any spells.
Your spell library was empty.

Inventory:

Hand Weapons
 a - a +0 short sword (weapon) {short}
 d - a +0 dagger of speed {short}
   (You took it off a goblin on level 1 of the Dungeon)
 k - a +0 rapier {short}
   (You found it on level 1 of the Dungeon)
 n - a +0 long sword of flaming {long}
   (You found it on level 1 of the Dungeon)
Missiles
 m - 7 stones (quivered) {throwing}
Armour
 b - a +0 robe (worn)
 e - a +0 pair of gloves
   (You found it on level 1 of the Dungeon)
 j - a +0 robe
   (You found it on level 1 of the Dungeon)
 s - a +0 ring mail
   (You found it on level 1 of the Dungeon)
Scrolls
 g - a scroll of amnesia {unknown}
 h - a scroll of brand weapon {unknown}
 i - a scroll of silence {unknown}
 l - 3 scrolls of vulnerability {unknown}
 q - a scroll of teleportation {unknown}
 r - a scroll of identify {unknown}
Potions
 c - a potion of ambrosia
 f - a potion of lignification {unknown}
 o - a potion of degeneration {unknown}
 p - a potion of curing {unknown}
 t - a potion of might {unknown}

Dungeon Overview and Level Annotations

Branches:
Dungeon (2/15) Zot: 10231

Altars:

#.######.# #.#....#.#
#.#.##.#.# #.#.##.#.#
#.#.##.#.# #.#..#.#.#
###.####.#>#
#######.#......#)#
...............g@#
#####...#####'#######
....................#
....................#
....................#
....................#
###.................#
#.................#
##.................#


You could see a gnoll.


Message History

There is a stone staircase leading up here.
There are monsters nearby!
Danger!
Unknown command.
The gnoll shouts!
You hear a shout!
The gnoll shouts!
You climb upwards.
There is a stone staircase leading down here.
There is an open door, spattered with blood here.
Things that are here:
a +0 club {mace}; a +0 short sword {short}
There is an open door here.
There is an open door here.
There is a stone staircase leading down here.
You climb downwards.
There is a stone staircase leading up here.
Unknown command.
Unknown command.
No target in view!
A ball python comes into view.
Danger!
The helpless ball python fails to defend itself.
You puncture the ball python!
You kill the ball python!
No target in view!
An endoplasm comes into view.
Danger!
An orc comes into view. It is wielding a +0 short sword.
The endoplasm quivers.
You hit the endoplasm but do no damage.
A gnoll comes into view. It is wielding a +0 halberd.
The endoplasm freezes you.
You are frozen.
You completely miss the endoplasm. The endoplasm barely misses you.
The endoplasm attacks as you move away! The endoplasm barely misses you.
The endoplasm jiggles.
The endoplasm attacks as you move away! The endoplasm hits you.
There is a stone staircase leading up here.
The endoplasm freezes you.
You are frozen.
You climb upwards.
There is a stone staircase leading down here.
Unknown command.
You are too injured to fight recklessly!
You are too injured to fight recklessly!
You hit the endoplasm.
You bite the endoplasm, but do no damage.
The endoplasm freezes you.
You are frozen.
* * * LOW HITPOINT WARNING * * *
You hit the endoplasm but do no damage. The endoplasm freezes you.
You are frozen.
* * * LOW HITPOINT WARNING * * *
You hit the endoplasm. The endoplasm barely misses you.
You hit the endoplasm. The endoplasm misses you.
You hit the endoplasm.
You kill the endoplasm!
You start resting.
You start resting.
Unknown command.
Unknown command.
You climb downwards.
The orc barely misses you. The orc misses you.
There is a stone staircase leading up here.
Danger!
Unknown command.
The orc misses you. The gnoll barely misses you.
You climb upwards.
There is a stone staircase leading down here.
Unknown command.
Unknown command.
You hit the orc. You barely miss the orc.
The orc hits you with a +0 short sword.
You hit the orc.
You kill the orc!
You see here a +0 short sword {short}.
Unknown command.
There is a stone staircase leading down here.
You start resting.
Unknown command.
Unknown command.
You start resting.
Unknown command.
You climb downwards.
There is a stone staircase leading up here.
Danger!
Unknown command.
Unknown command.
The gnoll closely misses you.
There is a stone staircase leading up here.
Unknown command.
The gnoll barely misses you.
You climb upwards.
There is a stone staircase leading down here.
Unknown command.
Unknown command.
You hit the gnoll but do no damage. The gnoll closely misses you.
You hit the gnoll but do no damage. The gnoll hits you with a +0 halberd!
You hit the gnoll. You bite the gnoll. You drain its power.
You feel invigorated. The gnoll hits you with a +0 halberd!
Ouch! That really hurt!
You die...

Skill      XL: |  1  2 |
---------------+-------+-----
Short Blades   | 3 |  3.1
Fighting       | |  2.8
Armour         | |  0.5
Dodging        | |  2.5
Stealth        | |  2.8
Spellcasting   | |  0.8

Action                   || total
-------------------------++-------
Melee: Short sword       ||    69
       Bite              ||    16
       Punch             ||     1
 Stab: Sleeping          ||     6
Armor: Robe              ||     7
Dodge: Dodged            ||    43

Levels and vault maps discovered:
D:1:      dpeg_arrival_subterranean_lakeside_camping, layout_basic
D:2:      layout_loops_ring, nrook_mini_backslash, st_stairs_6,
          ebering_dispersal_statue_hall

Notes
Turn   | Place    | Note
-------+----------+-------------------------------------------
     0 | D:1      | Sobieck the Vine Stalker Monk began the quest for the Orb.
     0 | D:1      | Reached XP level 1. HP: 11/11 MP: 2/2
   113 | D:1      | HP: 2/11 [hobgoblin (2)]
   450 | D:1      | Reached XP level 2. HP: 16/16 MP: 3/3
   551 | D:1      | HP: 4/16 [endoplasm (3)]
   792 | D:1      | Reached skill level 3 in Short Blades
   879 | D:1      | HP: 4/16 [kobold/+0 short sword (3)]
  1191 | D:1      | Reached XP level 3. HP: 19/19 MP: 4/4
  1768 | D:1      | Slain by a gnoll

Vanquished Creatures
  2 dart slugs (D:1)
  An orc (D:1)
  A ball python (D:2)
  3 bats (D:1)
  3 endoplasms (D:1)
  4 goblins (D:1)
  4 hobgoblins (D:1)
  4 kobolds (D:1)
  3 rats (D:1)
25 creatures vanquished.

Table legend:
 A = Non-vault XP
 B = Vault XP
 C = Vault XP percentage of total XP
 D = Non-vault monster count
 E = Vault monster count
 F = Vault count percentage of total count
                 A         B        C        D         E       F
            +---------+---------+-------+---------+---------+-------
      Total |      38 |       8 |  17.4 |      19 |       6 |  24.0
            +---------+---------+-------+---------+---------+-------
        D:1 |      36 |       8 |  18.2 |      18 |       6 |  25.0
        D:2 |       2 |       0 |   0.0 |       1 |       0 |   0.0
            +---------+---------+-------+---------+---------+-------

Illustrated notes

Table legend:
 A = Kills in this place as a percentage of kills in entire the game.
 B = Kills by you in this place as a percentage of kills by you in the entire game.
 C = Kills by friends in this place as a percentage of kills by friends in the entire game.
 D = Other kills in this place as a percentage of other kills in the entire game.
 E = Experience gained in this place as a percentage of experience gained in the entire game.
 F = Experience gained in this place divided by the number of levels of this place that you have seen.
                   A       B       C       D       E      F
               +-------+-------+-------+-------+-------+----------------------
         Total | 100.0 | 100.0 |   N/A |   N/A | 100.0 |  23.0
       Dungeon | 100.0 | 100.0 |   N/A |   N/A | 100.0 |  23.0
               +-------+-------+-------+-------+-------+----------------------

Table legend: (Time is in decaauts)
 A = Elapsed time spent in this place.
 B = Non-inter-level travel time spent in this place.
 C = Inter-level travel time spent in this place.
 D = Time resting spent in this place.
 E = Time spent auto-exploring this place.
 F = Levels seen in this place.
 G = Mean time per level.
                   A        B        C        D        E       F      G
               +--------+--------+--------+--------+--------+-----+--------+
         Total |   1767 |   1684 |     83 |    953 |    499 |   2 |  883.5 |
       Dungeon |   1767 |   1684 |     83 |    953 |    499 |   2 |  883.5 |
               +--------+--------+--------+--------+--------+-----+--------+

Top non-repeatable levels by time:
     D:1: 1738 daAuts
     D:2: 29 daAuts
